 Dungeon Crawl Stone Soup version 0.29-a0-565-g7a16c6de65 (webtiles) character file.

Game seed: 6343474920422729210

147 Lekart the Slasher (level 5, -3/47 HPs)
             Began as a Draconian Chaos Knight on June 12, 2022.
             Was a Plaything of Xom.
             Slain by Grinder (8 damage)
             ... on level 3 of the Dungeon.
             The game lasted 00:03:04 (2369 turns).

Lekart the Slasher (Draconian Chaos Knight)         Turns: 2369, Time: 00:03:04

Health: -3/47      AC:  5    Str: 14    XL:     5   Next: 7%
Magic:  5/5        EV: 12    Int: 12    God:    Xom [..*...]
Gold:   165        SH:  0    Dex: 13    Spells: 4/4 levels left

rFire   . . .      SeeInvis .   a - +0 falchion (chaos)
rCold   . . .      Faith    .   (no shield)
rNeg    . . .      Spirit   .   (body armour unavailable)
rPois   .          Reflect  .   (helmet restricted)
rElec   .          Harm     .   (no cloak)
rCorr   .          Rampage  .   (no gloves)
Will    .....                   (no boots)
Stlth   +.........              (no amulet)
HPRegen 0.15/turn               (no ring)
MPRegen 0.09/turn               (no ring)

@: mighty
A: AC +5, unfitting armour, cold-blooded
a: Renounce Religion


You were on level 3 of the Dungeon.
You worshipped Xom.
You were a toy of Xom.
You visited 1 branch of the dungeon, and saw 3 of its levels.

You collected 165 gold pieces.

Inventory:

Hand Weapons
 a - a +0 falchion of chaos (weapon)
Missiles
 i - 2 datura-tipped darts
Wands
 s - a wand of iceblast (7)
Scrolls
 d - a scroll of enchant armour
 e - 4 scrolls of identify {unknown}
 g - 3 scrolls of noise {unknown}
 k - 2 scrolls of poison {unknown}
 n - 2 scrolls of amnesia {unknown}
 q - a scroll of blinking {unknown}
 u - a scroll of enchant weapon {unknown}
Potions
 c - a potion of invisibility {unknown}
 f - 2 potions of resistance {unknown}
 h - a potion of brilliance {unknown}
 j - a potion of cancellation {unknown}
 m - a potion of lignification {unknown}
 o - a potion of mutation {unknown}
 p - a potion of attraction {unknown}
 r - a potion of degeneration {unknown}
 t - a potion of magic {unknown}
Miscellaneous
 b - a piece from Xom's chessboard (15/15) (quivered)


   Skills:
 + Level 4.4 Fighting
 + Level 4.5 Long Blades
 + Level 2.9 Dodging


You had 4 spell levels left.
You didn't know any spells.
Your spell library contained the following spells:

 Spells                   Type           Power      Damage    Failure   Level
 Static Discharge         Conj/Air       0%         N/A       45%         2
 Conjure Flame            Conj/Fire      0%         6-21      69%         3
 Ignite Poison            Fire/Tmut/Pois 0%         N/A       69%         3
 Dispel Undead            Necr           0%         3d6       97%         4
 Sticky Flame             Conj/Fire      0%         2d3       97%         4
 Summon Ice Beast         Ice/Summ       0%         N/A       97%         4
 Summon Mana Viper        Hex/Summ       0%         N/A       100%        5
 Monstrous Menagerie      Summ           0%         N/A       100%        7


Dungeon Overview and Level Annotations

Branches:
Dungeon (3/15)

Altars:

Annotations:
D:3 Grinder


Innate Abilities, Weirdness & Mutations

Your plain brown scales are hard. (AC +5)
You cannot fit into any form of body armour.
You are cold-blooded and may be slowed by cold attacks.


Message History

The bat closely misses you. x2
You completely miss the bat.
The bat is severely wounded.
The bat closely misses you. The bat completely misses you.
You hit the bat.
You kill the bat!
No target in view!
No target in view!
e - 4 scrolls labelled ZURULE PEFIYBA (gained 1) Grinder comes into view.
She is carrying a wand of flame (11).
Grinder shouts!
Grinder gestures at you.
You barely resist.
Grinder is nearby!
Grinder is nearby!
A centaur comes into view.
The centaur wields a +0 shortbow.
The centaur shoots an arrow.
The arrow hits you!
Grinder zaps a wand.
The puff of flame hits you.
The centaur shoots an arrow.
The arrow barely misses you.
You hit Grinder.
You tail-slap Grinder, but do no damage.
Grinder is lightly wounded.
Grinder barely misses you.
The centaur shoots an arrow.
The arrow hits you!
You are too injured to fight recklessly!
As you read the scroll labelled QAMPASKAMY, it crumbles to dust.
It is a scroll of enchant armour.
You aren't carrying any armour which can be enchanted further.
Grinder gestures at you.
You suddenly lose the ability to move!
Grinder hits you.
You writhe in agony.
* * * LOW HITPOINT WARNING * * *
You can move again.
You feel very mighty all of a sudden. Grinder hits you.
* * * LOW HITPOINT WARNING * * *
You slash Grinder! You tail-slap Grinder.
Grinder is heavily wounded.
Grinder hits you!
You die...
Xom howls with laughter!

#. #. #. #c #. #.
######.### .......5.#
####...#@# #......#.# #.#
#.# #....#.#.#
#.######.##### ######.#.#
#.##.....##... ..#.#
#.##.....##...
##########.###.##.....##...
................+......+...
########.#.###.##.....##...
#######.#.###.######)##...


You could see Grinder.

Vanquished Creatures
  Natasha (twice) (D:2)
  Ijyb (D:3)
  2 adders (D:2)
  2 dart slugs
  7 endoplasms
  7 giant cockroaches
  7 hobgoblins
  2 kobolds (D:2)
  A quokka (D:2)
  3 ball pythons
  4 bats
  3 frilled lizards
  A goblin (D:2)
  4 rats
46 creatures vanquished.

Notes
Turn   | Place    | Note
-------+----------+-------------------------------------------
     0 | D:1      | Lekart the Draconian Chaos Knight began the quest for the
                  | Orb.
     0 | D:1      | Reached XP level 1. HP: 19/19 MP: 1/1
   312 | D:1      | Reached XP level 2. HP: 26/26 MP: 2/2
   716 | D:1      | XOM: god gift: 26 gold pieces
   773 | D:1      | XOM: silly message
   793 | D:1      | XOM: enchant monster (bad)
   954 | D:1      | XOM: divination: detect items
  1245 | D:2      | Reached XP level 3. HP: 30/33 MP: 3/3
  1253 | D:2      | XOM: divination: magic mapping
  1375 | D:2      | Noticed Natasha
  1379 | D:2      | Killed Natasha
  1440 | D:2      | Reached XP level 4. HP: 39/40 MP: 4/4
  1468 | D:2      | Found a faded altar of an unknown god.
  1576 | D:2      | XOM: silly message
  1581 | D:2      | Noticed Natasha
  1589 | D:2      | XOM: potion effect (berserk rage)
  1603 | D:2      | Killed Natasha
  2196 | D:3      | Noticed Ijyb
  2197 | D:3      | XOM: butterfly on damage
  2206 | D:3      | Killed Ijyb
  2207 | D:3      | Reached XP level 5. HP: 31/47 MP: 5/5
  2362 | D:3      | Noticed Grinder
  2363 | D:3      | Noticed a centaur
  2366 | D:3      | Paralysed by Grinder for 2 turns
  2369 | D:3      | Slain by Grinder

Illustrated notes

Levels and vault maps discovered:
D:1:      dpeg_chamrin_arrival_tetris, layout_basic
D:2:      layout_rooms, nicolae_ecumenical_pavilion, st_stairs_14, minmay_puff,
          uniq_natasha
D:3:      layout_basic, serial_shops, nicolae_shop_stone, uniq_ijyb,
          uniq_sigmund, uniq_grinder

Skill      XL: |  1  2  3 |
---------------+----------+-----
Fighting       | 4 |  4.4
Long Blades    | 4 |  4.5
Dodging        | |  2.9

Action                   |  1- 3 |  4- 6 || total
-------------------------+-------+-------++-------
Melee: Falchion          |    75 |    67 ||   142
       Tailslap          |     7 |     4 ||    11
       Punch             |       |     1 ||     1
  Use: Scroll            |       |     1 ||     1
       Potion            |       |     1 ||     1
Armor: Skin              |    36 |    20 ||    56
Dodge: Dodged            |    43 |    54 ||    97

Table legend: (Time is in decaauts)
 A = Elapsed time spent in this place.
 B = Non-inter-level travel time spent in this place.
 C = Inter-level travel time spent in this place.
 D = Time resting spent in this place.
 E = Time spent auto-exploring this place.
 F = Levels seen in this place.
 G = Mean time per level.
                   A        B        C        D        E       F      G
               +--------+--------+--------+--------+--------+-----+--------+
         Total |   2394 |   2269 |    125 |    145 |   1683 |   3 |  798.0 |
       Dungeon |   2394 |   2269 |    125 |    145 |   1683 |   3 |  798.0 |
               +--------+--------+--------+--------+--------+-----+--------+

Top non-repeatable levels by time:
     D:1: 1043 daAuts
     D:2: 957 daAuts
     D:3: 392 daAuts
